 Dungeon Crawl Stone Soup version 0.30-a0-331-g8ab09dc110 (webtiles) character file.

Game seed: 15032867651116571804

160 Maxmaps the Ducker (level 5, 0/42 HPs)
             Began as a Demonspawn Monk on Feb 2, 2022.
             Killed by nerve-wracking pain
             ... invoked by Grinder
              (8 damage)
             ... while paralysed by Grinder
             ... on level 3 of the Dungeon on Oct 29, 2022.
             The game lasted 00:05:33 (2123 turns).

Maxmaps the Ducker (Demonspawn Monk)                Turns: 2123, Time: 00:05:33

Health: 0/42       AC:  5    Str: 11    XL:     5   Next: 17%
Magic:  5/5        EV:  2    Int: 13    God:
Gold:   123        SH:  0    Dex: 16    Spells: 4/4 levels left

rFire   . . .      SeeInvis .      - Unarmed
rCold   . . .      Faith    .    (no shield)
rNeg    . . .      Spirit   .    a - +1 robe
rPois   .          Reflect  .    (no helmet)
rElec   .          Harm     .    (no cloak)
rCorr   .          Rampage  .    (no gloves)
Will    .....                    (no boots)
Stlth   ++........               (no amulet)
HPRegen 0.27/turn                (no ring)
MPRegen 0.09/turn                (no ring)

@: paralysed, hasted, studying Summonings
A: icy blue scales 1, foul stench 1
a: no special abilities


You were on level 3 of the Dungeon.
You visited 1 branch of the dungeon, and saw 3 of its levels.

You collected 123 gold pieces.

Inventory:

Armour
 a - a +1 robe (worn)
Wands
 c - a wand of charming (1)
Scrolls
 d - a scroll of magic mapping {unknown}
 e - 2 scrolls of blinking
 f - a scroll of fear
Potions
 b - 2 potions of brilliance
 g - a potion of mutation
 h - a potion of flight {unknown}
 i - a potion of degeneration {unknown}
 k - 2 potions of attraction {unknown}


   Skills:
 - Level 4.0 Fighting
 + Level 4.4 Dodging
 - Level 1.7 Stealth
 - Level 3.2 Unarmed Combat


You had 4 spell levels left.
You didn't know any spells.
Your spell library was empty.

Dungeon Overview and Level Annotations

Branches:
Dungeon (3/15)

Altars:

Annotations:
D:3 Grinder


Innate Abilities, Weirdness & Mutations

You are partially covered in icy blue scales. (AC +2)
You may rarely emit foul miasma when damaged in melee.


Message History

You hit Grinder but do no damage. You miss the adder.
The adder is severely wounded.
The adder bites you but does no damage. Grinder hits you but does no damage.
You hit the adder.
You kill the adder!
Grinder barely misses you.
You hit Grinder.
Grinder is lightly wounded.
You completely miss Grinder.
Grinder is lightly wounded.
Grinder hits you.
You writhe in agony.
You hit Grinder.
Grinder is lightly wounded.
Grinder completely misses you.
You hit Grinder.
Grinder is moderately wounded.
You hit Grinder but do no damage.
Grinder is moderately wounded.
Grinder blinks!
Grinder gestures at you.
You barely resist.
Found 15 gold pieces.
A dart slug comes into view.
Grinder hits you but does no damage.
You hit Grinder.
Grinder is moderately wounded.
You barely miss Grinder.
Grinder is moderately wounded.
Grinder hits you!
* * * LOW HITPOINT WARNING * * *
You writhe in agony.
* * * LOW HITPOINT WARNING * * *
You barely miss Grinder.
Grinder is moderately wounded.
Grinder gestures at you.
You suddenly lose the ability to move!
Grinder gestures at you. Pain shoots through your body!
You die...

#.♣. ...... #.P.
#....# ##... #w.$.#
#####..P. #....#
#.5...P.. #....#
#.##.....
#....########.##.P.P.
#...5.........#..P...
#..@..######.#...P.5
#......# #.##.P..P
#......# ###.##.....
#......###....#♣♣P..
###.##........♣ ♣♣..
##~#####....♣ .♣ #~#
#....♣ #~# #....# ..
#.#####....#


You could see Grinder and a dart slug.

Vanquished Creatures
  Terence (D:3)
  4 gnolls (D:3)
  3 adders
  2 worms (D:2)
  A dart slug (D:3)
  4 ball pythons
  7 endoplasms
  6 giant cockroaches
  5 goblins
  4 hobgoblins
  7 kobolds
  3 quokkas
  4 bats
  6 frilled lizards
  5 rats
62 creatures vanquished.

Vanquished Creatures (others)
  34 plants (D:3)
34 creatures vanquished.

Grand Total: 96 creatures vanquished

Notes
Turn   | Place    | Note
-------+----------+-------------------------------------------
     0 | D:1      | Maxmaps the Demonspawn Monk began the quest for the Orb.
     0 | D:1      | Reached XP level 1. HP: 18/18 MP: 1/1
     0 | D:1      | Upgraded the game from 0.29-a0-40-g8eb35efe60 to
                  | 0.30-a0-331-g8ab09dc110
   214 | D:1      | Gained mutation: You are partially covered in icy blue
                  | scales. (AC +2) [demonic ancestry]
   214 | D:1      | Reached XP level 2. HP: 22/24 MP: 2/2
   702 | D:2      | Reached XP level 3. HP: 29/29 MP: 3/3
   749 | D:2      | Found a faded altar of an unknown god.
  1449 | D:3      | Noticed an ogre
  1577 | D:3      | Gained mutation: You may rarely emit foul miasma when
                  | damaged in melee. [demonic ancestry]
  1577 | D:3      | Reached XP level 4. HP: 37/37 MP: 4/4
  1971 | D:3      | Noticed Terence
  1993 | D:3      | Killed Terence
  1994 | D:3      | Reached XP level 5. HP: 25/42 MP: 5/5
  2073 | D:3      | Noticed Grinder
  2122 | D:3      | Paralysed by Grinder for 2 turns
  2123 | D:3      | Killed from afar by Grinder

Illustrated notes

Levels and vault maps discovered:
D:1:      evilmike_arrival_fibonacci_small, layout_rooms, serial_glass,
          glass_columns_b, glass_columns_a, feat_on_display
D:2:      layout_basic, chequers_ecumenical_altar_simple_redux,
          amethyst_killhole, minmay_octomino_e4
D:3:      wad_woods_pond, layout_basic, gup_sewer_entry_spiral,
          grunt_ministairs_15, uniq_grinder, uniq_terence

Skill      XL: |  1  2  3  4 |
---------------+-------------+-----
Unarmed Combat | 3 |  3.2
Fighting       | 4 |  4.0
Dodging        | 3 4 |  4.4
Stealth        | |  1.7

Action                   |  1- 3 |  4- 6 || total
-------------------------+-------+-------++-------
Melee: Unarmed           |   228 |    66 ||   294
       Punch             |     4 |     4 ||     8
  Use: Scroll            |     6 |     3 ||     9
       Potion            |       |     6 ||     6
 Stab: Sleeping          |     5 |     1 ||     6
Armor: Robe              |    69 |    23 ||    92
       Skin              |       |     7 ||     7
Dodge: Dodged            |   174 |    73 ||   247

Table legend: (Time is in decaauts)
 A = Elapsed time spent in this place.
 B = Non-inter-level travel time spent in this place.
 C = Inter-level travel time spent in this place.
 D = Time resting spent in this place.
 E = Time spent auto-exploring this place.
 F = Levels seen in this place.
 G = Mean time per level.
                   A        B        C        D        E       F      G
               +--------+--------+--------+--------+--------+-----+--------+
         Total |   2113 |   2057 |     56 |    144 |   1246 |   3 |  704.3 |
       Dungeon |   2113 |   2057 |     56 |    144 |   1246 |   3 |  704.3 |
               +--------+--------+--------+--------+--------+-----+--------+

Top non-repeatable levels by time:
     D:2: 779 daAuts
     D:3: 729 daAuts
     D:1: 603 daAuts
